 Dungeon Crawl Stone Soup version 0.31-a0-265-gcf7e37af1d (webtiles) character file.

Game seed: 11646733463886024076

105 qw the Shooter (level 4, -3/26 HPs)
             Began as a Gargoyle Hexslinger on July 13, 2023.
             Slain by a gnoll
             ... wielding a +0 club
              (7 damage)
             ... on level 3 of the Dungeon.
             The game lasted 00:00:41 (1384 turns).

qw the Shooter (Gargoyle Hexslinger)                Turns: 1384, Time: 00:00:42

Health: -3/26      AC:  9    Str: 11    XL:     4   Next: 81%
Magic:  5/5        EV: 10    Int: 14    God:
Gold:   212        SH:  0    Dex: 14    Spells: 4/5 levels left

rFire   . . .        i - +1 sling (heavy)
rCold   . . .        (no shield)
rNeg    + . .        e - +0 ring mail
rPois   inf          (no helmet)
rElec   +            (no cloak)
rCorr   .            (no gloves)
SInv    .            g - +0 pair of boots
Will    .....        (no amulet)
Stlth   +            (no ring)
HPRegen 0.24/turn    (no ring)
MPRegen 0.09/turn

%: no passive effects
@: no status effects
A: sickness immunity, AC +3, negative energy resistance 1, electricity
resistance, torment resistance 1, petrification resistance
a: no special abilities


You were on level 3 of the Dungeon.
You visited 1 branch of the dungeon, and saw 3 of its levels.

You collected 212 gold pieces.


Innate Abilities, Weirdness & Mutations

You are immune to sickness and miasma.
Your stone body is resilient. (AC +3)
You are immune to poison.
You resist negative energy. (rN+)
You are resistant to electric shocks. (rElec)
You are resistant to unholy torment.
You are immune to petrification.


   Skills:
 - Level 2.0 Fighting
 + Level 4.3 Ranged Weapons
 - Level 1.2 Armour
 - Level 1.5 Dodging
 - Level 1.0 Spellcasting
 - Level 2.6 Hexes


You had 4 spell levels left.
You knew the following spells:

 Your Spells              Type           Power      Damage    Failure   Level
a - Slow                  Hex            32%        N/A       21%         1

Your spell library contained the following spells:

 Spells                   Type           Power      Damage    Failure   Level
 Inner Flame              Hex/Fire       4%         N/A       71%         3
 Portal Projectile        Hex/Tloc       8%         N/A       71%         3
 Cause Fear               Hex            4%         N/A       90%         4

Inventory:

Hand Weapons
 i - a +1 heavy sling (weapon)
Armour
 e - a +0 ring mail (worn)
 g - a +0 pair of boots (worn)
Scrolls
 a - a scroll of identify
 b - a scroll of fear {unknown}
Potions
 f - a potion of curing

Dungeon Overview and Level Annotations

Branches:
Dungeon (3/15)

Altars:
Dithmenos

Annotations:
D:3 2 runed translucent doors, qw's ghost, amateur GrHs


Message History

You now have 212 gold pieces (gained 12).
b - a scroll labelled NIUDANNIUDD
Enter note:
Enter note:
Enter note:
Enter note:
Enter note:
Enter note:
Enter note:
Enter note:
Enter note: 2 gnolls come into view.
Enter note:
Enter note:
Enter note:
Enter note:
Enter note:
Enter note:
Enter note:
Enter note:
Enter note: You shoot a sling bullet.
The sling bullet closely misses the gnoll.
You shoot a sling bullet. The sling bullet hits the gnoll.
The gnoll is lightly wounded.
You shoot a sling bullet. The sling bullet hits the gnoll.
The gnoll is moderately wounded.
The gnoll hits you but does no damage.
The gnoll hits you from afar with a +0 halberd!
The gnoll misses you.
You shoot a sling bullet.
The sling bullet hits the gnoll but does no damage.
The gnoll hits you with a +0 club. The gnoll closely misses you.
The gnoll hits you from afar with a +0 halberd.
You shoot a sling bullet.
The sling bullet barely misses the gnoll.
The gnoll closely misses you.
The gnoll hits you from afar with a +0 halberd!
The gnoll barely misses you. The gnoll hits you with a +0 club!
You die...

#...............#.###
#...............>.#
#................##
#................#
#................#
#######...#########.#
#.............# #.#
#.............#####.#
#.......@g....+.....#####
#.............######..[..
#.......g.....# #.####
#>............+ #.....
#.............# #.....
#.............# #.....
#.............# #.....
.............# #.....
......


You could see 2 gnolls.

Vanquished Creatures
  Terence (D:2)
  3 adders (D:2)
  3 dart slugs
  3 orcs (D:3)
  2 endoplasms
  A giant cockroach (D:2)
  2 goblins
  3 hobgoblins (D:1)
  6 jackals
  7 kobolds
  4 ball pythons
  6 bats
  3 frilled lizards (D:2)
  A rat (D:1)
45 creatures vanquished.

Notes
Turn   | Place    | Note
-------+----------+-------------------------------------------
     0 | D:1      | qw the Gargoyle Hexslinger began the quest for the Orb.
     0 | D:1      | Reached XP level 1. HP: 12/12 MP: 2/2
     0 | D:1      | 0 ||| qw: Version: 0.3-a-52-g30416fa
     0 | D:1      | 0 ||| qw: Game counter: 7584
     0 | D:1      | 0 ||| qw: Melee chars always use a shield: true
     0 | D:1      | 0 ||| qw: God list: Okawaru
     0 | D:1      | 0 ||| qw: Allow faded altars: false
     0 | D:1      | 0 ||| qw: Do Orc after clearing Dungeon:15 true
     0 | D:1      | 0 ||| qw: Do second Lair branch before Depths: true
     0 | D:1      | 0 ||| qw: Lair rune preference: random
     0 | D:1      | 0 ||| qw: Goals: Normal
     0 | D:1      | 0 ||| PLANNING D:1-11
   129 | D:1      | Reached XP level 2. HP: 16/16 MP: 3/3
   241 | D:1      | 241 ||| Stepping ~*~*~tactically~*~*~ (outnumbered).
   246 | D:1      | Reached skill level 3 in Ranged Weapons
   289 | D:1      | Found a faded altar of an unknown god.
   496 | D:1      | Reached XP level 3. HP: 21/21 MP: 4/4
   574 | D:1      | 574 ||| UPGRADING to +0 ring mail.
   584 | D:1      | 584 ||| DROPPING +0 robe.
   585 | D:1      | 585 ||| UPGRADING to +0 pair of boots.
   590 | D:1      | 590 ||| READING 2 scrolls labelled RIKIBL LOAD.
   591 | D:1      | 591 ||| READING scroll labelled ECRICK QO TOYD.
   592 | D:1      | 592 ||| READING scroll labelled ANOB GASEKA.
   593 | D:1      | 593 ||| READING scroll labelled BALAROO NARIA.
   598 | D:1      | 598 ||| DROPPING scroll of poison.
   605 | D:2      | 605 ||| STAIRDANCE
   635 | D:2      | Reached skill level 1 in Armour
   914 | D:2      | Reached XP level 4. HP: 26/26 MP: 5/5
   975 | D:2      | Noticed Terence
   977 | D:2      | Killed Terence
   978 | D:2      | Reached skill level 4 in Ranged Weapons
  1033 | D:2      | 1033 ||| READING scroll labelled IXE ICOBEIJOSA.
  1034 | D:2      | 1034 ||| READING scroll labelled FUEQIETZE.
  1035 | D:2      | 1035 ||| READING 3 scrolls of identify.
  1035 | D:2      | 1035 ||| IDENTIFYING lumpy amethyst potion
  1036 | D:2      | 1036 ||| READING 2 scrolls of identify.
  1036 | D:2      | 1036 ||| IDENTIFYING silvery potion
  1037 | D:2      | 1037 ||| DROPPING potion of lignification.
  1061 | D:3      | Found a shadowy altar of Dithmenos.
  1337 | D:3      | Found a large runed translucent door.
  1338 | D:3      | Found a large runed translucent door.
  1343 | D:3      | Noticed qw's ghost (amateur GrHs)
  1384 | D:3      | HP: 4/26 [gnoll/+0 halberd (11)]
  1384 | D:3      | Slain by a gnoll

Levels and vault maps discovered:
D:1:      heliophobic_arrival_battle_scene, layout_rooms,
          nicolae_ecumenical_lake_church
D:2:      layout_rooms, kennysheep_small_spiral, uniq_terence
D:3:      layout_basic, amcnicky_altar_gilded, ebering_ghost_disaster_area

Skill      XL: |  1  2  3  4 |
---------------+-------------+-----
Ranged Weapons | 3 4 |  4.3
Fighting       | 2 |  2.0
Armour         | 1 |  1.2
Dodging        | |  1.5
Spellcasting   | |  1.0
Hexes          | |  2.6

Action                     |  1- 3 |  4- 6 || total
---------------------------+-------+-------++-------
   Fire: Sling             |   100 |    44 ||   144
    Use: Scroll            |     4 |     4 ||     8
 Armour: Robe              |     9 |       ||     9
         Ring mail         |    17 |    18 ||    35
  Dodge: Dodged            |    34 |    22 ||    56

Table legend:
 A = Non-vault XP
 B = Vault XP
 C = Vault XP percentage of total XP
 D = Non-vault monster count
 E = Vault monster count
 F = Vault count percentage of total count
                 A         B        C        D         E       F
            +---------+---------+-------+---------+---------+-------
      Total |     114 |      36 |  24.0 |      44 |       1 |   2.2
            +---------+---------+-------+---------+---------+-------
        D:1 |      36 |       0 |   0.0 |      19 |       0 |   0.0
        D:2 |      58 |      36 |  38.3 |      16 |       1 |   5.9
        D:3 |      20 |       0 |   0.0 |       9 |       0 |   0.0
            +---------+---------+-------+---------+---------+-------
